| TOP OF THE 1ST |
|
Portland Angels batting - Pitching for Palm Beach Nationals : RHP Ivan Bonilla
|
|
Pitching: RHP Ivan Bonilla
|
|
|
Batting: RHB Jose Garduno
|
0-0: Ball 1-0: Called Strike 1-1: Foul Ball, location: 2F 1-2: Foul Ball, location: 2F 1-2: Foul Ball, location: 2F 1-2: Foul Ball, location: 2F 1-2: Ground out 4-3 (Groundball, 4, EV 86.9 MPH)
|
|
Batting: RHB Steve Neely
|
0-0: Called Strike 0-1: Swinging Strike 0-2: Foul Ball, location: 2F 0-2: Foul Ball, location: 2F 0-2: Strikes out swinging
|
|
Batting: LHB Pavla Markianov
|
0-0: SOLO HOME RUN (Line Drive, 89XD, EV 115.6 MPH), Distance : 441 ft
|
|
Batting: RHB Jesse Sargent
|
0-0: Ball 1-0: Ball 2-0: Called Strike 2-1: Foul Ball, location: 2F 2-2: Foul Ball, location: 2F 2-2: Ground out 5-3 (Groundball, 5, EV 79.4 MPH)
|
| Top of the 1st over - 1 run, 1 hit, 0 errors, 0 left on base; Portland 1 - Palm Beach 0 |
| BOTTOM OF THE 1ST |
|
Palm Beach Nationals batting - Pitching for Portland Angels : LHP Troy Trombino
|
|
Pitching: LHP Troy Trombino
|
|
|
Batting: RHB Victor Rojas
|
0-0: Called Strike 0-1: Ball 1-1: Ball 2-1: Ball 3-1: Foul Ball, location: 2F 3-2: Foul Ball, location: 2F 3-2: Strikes out looking
|
|
Batting: RHB Charlie Iacovone
|
0-0: Ball 1-0: Ball 2-0: Ground out 4-3 (Groundball, 4, EV 103.8 MPH)
|
|
Batting: RHB Ryan Wright
|
0-0: Called Strike 0-1: Swinging Strike 0-2: Foul Ball, location: 2F 0-2: Foul Ball, location: 2F 0-2: Foul Ball, location: 2F 0-2: Strikes out swinging
|
| Bottom of the 1st over - 0 runs, 0 hits, 0 errors, 0 left on base; Portland 1 - Palm Beach 0 |
| TOP OF THE 2ND |
|
Portland Angels batting - Pitching for Palm Beach Nationals : RHP Ivan Bonilla
|
|
Batting: RHB Alex Rosaly
|
0-0: Called Strike 0-1: Ball 1-1: Fly out, F9 (Flyball, 9LS, EV 89.4 MPH)
|
|
Batting: LHB Doug Nebel
|
0-0: Fly out, F5 (Popup, 15, EV 79.4 MPH)
|
|
Batting: LHB Kevin Feldman
|
0-0: Called Strike 0-1: Swinging Strike 0-2: Strikes out looking
|
| Top of the 2nd over - 0 runs, 0 hits, 0 errors, 0 left on base; Portland 1 - Palm Beach 0 |
| BOTTOM OF THE 2ND |
|
Palm Beach Nationals batting - Pitching for Portland Angels : LHP Troy Trombino
|
|
Batting: RHB Jess Thomas
|
0-0: Ball 1-0: Ground out 1-3 (Groundball, 13S, EV 73.8 MPH)
|
|
Batting: RHB Alex Martinez
|
0-0: Ball 1-0: Ground out 5-3 (Groundball, 5, EV 88.1 MPH)
|
|
Batting: RHB Kenny Ball
|
0-0: Fly out, F8 (Line Drive, 8LD, EV 108.1 MPH)
|
| Bottom of the 2nd over - 0 runs, 0 hits, 0 errors, 0 left on base; Portland 1 - Palm Beach 0 |
| TOP OF THE 3RD |
|
Portland Angels batting - Pitching for Palm Beach Nationals : RHP Ivan Bonilla
|
|
Batting: RHB Mario Martinez
|
0-0: Ball 1-0: Ball 2-0: Foul Ball, location: 2F 2-1: Swinging Strike 2-2: Ball 3-2: Foul Ball, location: 2F 3-2: Foul Ball, location: 2F 3-2: Base on Balls
|
|
Batting: LHB John Harvey
|
0-0: Ball 1-0: Ball 2-0: Foul Ball, location: 2F 2-1: Swinging Strike 2-2: Ball 3-2: Strikes out looking
|
|
Batting: RHB Jose Garduno
|
0-0: Ball 1-0: Ball 2-0: Ground out 4-3 (Groundball, 13, EV 89.4 MPH) Mario Martinez to second
|
|
Batting: RHB Steve Neely
|
0-0: Foul Ball, location: 2F 0-1: Ball 1-1: Foul Ball, location: 2F 1-2: Foul Ball, location: 2F 1-2: Ball 2-2: Strikes out swinging
|
| Top of the 3rd over - 0 runs, 0 hits, 0 errors, 1 left on base; Portland 1 - Palm Beach 0 |
| BOTTOM OF THE 3RD |
|
Palm Beach Nationals batting - Pitching for Portland Angels : LHP Troy Trombino
|
|
Batting: RHB Joe Simmelink
|
0-0: Called Strike 0-1: Foul Ball, location: 2F 0-2: SINGLE (Groundball, 56D, EV 97.5 MPH)
|
|
Batting: LHB Tony Olvera
|
0-0: Swinging Strike 0-1: Ball Wild Pitch! Joe Simmelink to second 1-1: Ball 2-1: Ball 3-1: Called Strike 3-2: Foul Ball, location: 2F 3-2: Base on Balls
|
|
Batting: RHB Ivan Torres
|
0-0: Ball 1-0: Ball 2-0: Ball 3-0: Called Strike 3-1: Called Strike 3-2: Foul Ball, location: 2F 3-2: Base on Balls Joe Simmelink to third Tony Olvera to second
|
|
Batting: RHB Victor Rojas
|
0-0: Foul Ball, location: 2F 0-1: Ball 1-1: Hit by Pitch Joe Simmelink scores Tony Olvera to third Ivan Torres to second
|
|
Batting: RHB Charlie Iacovone
|
0-0: Ball 1-0: Swinging Strike 1-1: Ball 2-1: Ball 3-1: Swinging Strike 3-2: Strikes out swinging
|
|
Batting: RHB Ryan Wright
|
0-0: Grounds into double play, 5-4-3 (Groundball, 5, EV 80.6 MPH)
|
| Bottom of the 3rd over - 1 run, 1 hit, 0 errors, 2 left on base; Portland 1 - Palm Beach 1 |
| TOP OF THE 4TH |
|
Portland Angels batting - Pitching for Palm Beach Nationals : RHP Ivan Bonilla
|
|
Batting: LHB Pavla Markianov
|
0-0: Ball 1-0: Ball 2-0: Ball 3-0: Called Strike 3-1: Base on Balls
|
|
Batting: RHB Jesse Sargent
|
0-0: Ball 1-0: Swinging Strike 1-1: Fly out, F9 (Line Drive, 9D, EV 92.5 MPH)
|
|
Batting: RHB Alex Rosaly
|
0-0: Ball 1-0: Swinging Strike 1-1: Ball 2-1: SINGLE (Groundball, 56S, EV 64.4 MPH) (infield hit) Pavla Markianov to second
|
|
Batting: LHB Doug Nebel
|
0-0: Ball 1-0: Swinging Strike 1-1: Swinging Strike 1-2: Ball 2-2: Fielders Choice at 2nd, 4-6 (Groundball, 4, EV 84.4 MPH) Pavla Markianov to third
|
|
Batting: LHB Kevin Feldman
|
0-0: Fly out, F8 (Flyball, 8RD, EV 85.6 MPH)
|
| Top of the 4th over - 0 runs, 1 hit, 0 errors, 2 left on base; Portland 1 - Palm Beach 1 |
| BOTTOM OF THE 4TH |
|
Palm Beach Nationals batting - Pitching for Portland Angels : LHP Troy Trombino
|
|
Batting: RHB Jess Thomas
|
0-0: Ball 1-0: Ground out 6-3 (Groundball, 6, EV 93.1 MPH)
|
|
Batting: RHB Alex Martinez
|
0-0: Called Strike 0-1: Ball 1-1: Ball 2-1: Called Strike 2-2: SINGLE (Groundball, 6MD, EV 95.0 MPH)
|
|
Batting: RHB Kenny Ball
|
0-0: Fly out, F6 (Popup, 6D, EV 56.2 MPH)
|
|
Batting: RHB Joe Simmelink
|
0-0: Called Strike 0-1: Called Strike 0-2: Strikes out swinging
|
| Bottom of the 4th over - 0 runs, 1 hit, 0 errors, 1 left on base; Portland 1 - Palm Beach 1 |
| TOP OF THE 5TH |
|
Portland Angels batting - Pitching for Palm Beach Nationals : RHP Ivan Bonilla
|
|
Batting: RHB Mario Martinez
|
0-0: Ball 1-0: Called Strike 1-1: Swinging Strike 1-2: Foul Ball, location: 2F 1-2: Strikes out swinging
|
|
Batting: LHB John Harvey
|
0-0: Ball 1-0: Reached on error, E6 (Groundball, 6S, EV 90.6 MPH)
|
|
Batting: RHB Jose Garduno
|
0-0: Ball 1-0: Ground out 4-3 (Groundball, 13, EV 90.6 MPH) John Harvey to second
|
|
Batting: RHB Steve Neely
|
0-0: Ground out 5-3 (Groundball, 56, EV 88.1 MPH)
|
| Top of the 5th over - 0 runs, 0 hits, 1 error, 1 left on base; Portland 1 - Palm Beach 1 |
| BOTTOM OF THE 5TH |
|
Palm Beach Nationals batting - Pitching for Portland Angels : LHP Troy Trombino
|
|
Batting: LHB Tony Olvera
|
0-0: Called Strike 0-1: Foul Ball, location: 2F 0-2: Foul Ball, location: 2F 0-2: Ball 1-2: Ball 2-2: Ball 3-2: Fly out, F8 (Flyball, 8RM, EV 83.8 MPH)
|
|
Batting: RHB Ivan Torres
|
0-0: Ball 1-0: Called Strike 1-1: Fly out, F9 (Flyball, 89D, EV 101.2 MPH)
|
|
Batting: RHB Victor Rojas
|
0-0: Called Strike 0-1: SOLO HOME RUN (Line Drive, 7D, EV 110.6 MPH), Distance : 427 ft
|
|
Batting: RHB Charlie Iacovone
|
0-0: Ball 1-0: SINGLE (Line Drive, 56, EV 103.8 MPH)
|
|
Batting: RHB Ryan Wright
|
0-0: Foul Ball, location: 2F 0-1: Ball 1-1: Ball Charlie Iacovone steals 2nd base 2-1: Swinging Strike 2-2: Ball 3-2: Fly out, F7 (Flyball, 7LM, EV 87.5 MPH)
|
| Bottom of the 5th over - 1 run, 2 hits, 0 errors, 1 left on base; Portland 1 - Palm Beach 2 |
| TOP OF THE 6TH |
|
Portland Angels batting - Pitching for Palm Beach Nationals : RHP Ivan Bonilla
|
|
Batting: LHB Pavla Markianov
|
0-0: Called Strike 0-1: Foul Ball, location: 2F 0-2: Foul Ball, location: 2F 0-2: Foul Ball, location: 2F 0-2: Ball 1-2: Fly out, F7 (Flyball, 7S, EV 90.0 MPH)
|
|
Pitching: RHP Ben Lowe
|
|
|
Pinch Hitting: RHB Shawn Jansen
|
0-0: Called Strike 0-1: Ball 1-1: Foul Ball, location: 2F 1-2: Ball 2-2: Fly out, F9 (Flyball, 9, EV 90.6 MPH)
|
|
Batting: RHB Alex Rosaly
|
0-0: Ball 1-0: Foul Ball, location: 2F 1-1: Ball 2-1: DOUBLE (Flyball, 7LD, EV 93.1 MPH)
|
|
Batting: LHB Doug Nebel
|
0-0: Called Strike 0-1: Called Strike 0-2: Strikes out swinging
|
| Top of the 6th over - 0 runs, 1 hit, 0 errors, 1 left on base; Portland 1 - Palm Beach 2 |
| BOTTOM OF THE 6TH |
|
Palm Beach Nationals batting - Pitching for Portland Angels : LHP Troy Trombino
|
|
Now at 3B: Shawn Jansen
|
|
|
Batting: RHB Jess Thomas
|
0-0: Ball 1-0: Called Strike 1-1: Swinging Strike 1-2: Foul Ball, location: 2F 1-2: Strikes out swinging
|
|
Batting: RHB Alex Martinez
|
0-0: Foul Ball, location: 2F 0-1: Ball 1-1: Ground out 4-3 (Groundball, 4, EV 85.6 MPH)
|
|
Batting: RHB Kenny Ball
|
0-0: Called Strike 0-1: Ground out 6-3 (Groundball, 56, EV 86.2 MPH)
|
| Bottom of the 6th over - 0 runs, 0 hits, 0 errors, 0 left on base; Portland 1 - Palm Beach 2 |
| TOP OF THE 7TH |
|
Portland Angels batting - Pitching for Palm Beach Nationals : RHP Ben Lowe
|
|
Batting: LHB Kevin Feldman
|
0-0: Ball 1-0: Ground out 6-3 (Groundball, 56, EV 81.9 MPH)
|
|
Batting: SHB Cesar Carrasquillo
|
0-0: Called Strike 0-1: Fly out, F6 (Line Drive, 6, EV 65.6 MPH)
|
|
Pinch Hitting: LHB Jon Rahn
|
0-0: Called Strike 0-1: Foul Ball, location: 2F 0-2: Foul Ball, location: 2F 0-2: Foul Ball, location: 2F 0-2: DOUBLE (Flyball, 78D, EV 107.5 MPH)
|
|
Pinch Hitting: RHB Scott Webb
|
0-0: Ball 1-0: Ball 2-0: Foul Ball, location: 2F 2-1: Swinging Strike 2-2: Ground out 1-3 (Groundball, P, EV 68.1 MPH)
|
| Top of the 7th over - 0 runs, 1 hit, 0 errors, 1 left on base; Portland 1 - Palm Beach 2 |
| BOTTOM OF THE 7TH |
|
Palm Beach Nationals batting - Pitching for Portland Angels : LHP Troy Trombino
|
|
Now at 2B: Scott Webb
|
|
|
Now at SS: Fernando Sosa
|
|
|
Batting: RHB Joe Simmelink
|
0-0: Called Strike 0-1: Ball 1-1: Foul Ball, location: 2F 1-2: Strikes out swinging
|
|
Batting: LHB Tony Olvera
|
0-0: Called Strike 0-1: Ball 1-1: Reached on error, E6 (Groundball, 6, EV 84.4 MPH)
|
|
Batting: RHB Ivan Torres
|
0-0: Reached on error, E6 (Groundball, 6, EV 93.1 MPH) Tony Olvera to third
|
|
Batting: RHB Victor Rojas
|
0-0: 3-RUN HOME RUN (Flyball, 7D, EV 102.5 MPH), Distance : 419 ft
|
|
Batting: RHB Charlie Iacovone
|
0-0: Ball 1-0: Foul Ball, location: 2F 1-1: Ball 2-1: SINGLE (Flyball, 56D, EV 97.5 MPH)
|
|
Batting: RHB Ryan Wright
|
0-0: Ball 1-0: Foul Ball, location: 2F 1-1: Swinging Strike 1-2: Ball 2-2: Ball 3-2: Foul Ball, location: 2F 3-2: SINGLE (Groundball, 6S, EV 72.5 MPH) (infield hit) Charlie Iacovone to second
|
|
Pitching: RHP Jerry Romero
|
|
|
Batting: RHB Jess Thomas
|
0-0: Fly out, F9 (Flyball, 89M, EV 85.0 MPH)
|
|
Batting: RHB Alex Martinez
|
0-0: Ball 1-0: Fly out, F9 (Line Drive, 9, EV 109.4 MPH)
|
| Bottom of the 7th over - 3 runs, 3 hits, 2 errors, 2 left on base; Portland 1 - Palm Beach 5 |
| TOP OF THE 8TH |
|
Portland Angels batting - Pitching for Palm Beach Nationals : RHP Ben Lowe
|
|
Batting: RHB Steve Neely
|
0-0: Called Strike 0-1: Swinging Strike 0-2: Strikes out swinging
|
|
Batting: LHB Pavla Markianov
|
0-0: Ball 1-0: Ball 2-0: Foul Ball, location: 2F 2-1: Ball 3-1: Called Strike 3-2: Base on Balls
|
|
Batting: RHB Shawn Jansen
|
0-0: Called Strike 0-1: Ball 1-1: Ball 2-1: Foul Ball, location: 2F 2-2: Foul Ball, location: 2F 2-2: Foul Ball, location: 2F 2-2: Foul Ball, location: 2F 2-2: Ball 3-2: Base on Balls Pavla Markianov to second
|
|
Pitching: RHP Faradur Bhutani
|
|
|
Batting: RHB Alex Rosaly
|
0-0: Foul Ball, location: 2F 0-1: Foul Ball, location: 2F 0-2: Ball 1-2: Ball 2-2: Foul Ball, location: 2F 2-2: Ball 3-2: Foul Ball, location: 2F 3-2: Strikes out swinging
|
|
Batting: LHB Doug Nebel
|
0-0: Ball 1-0: Foul Ball, location: 2F 1-1: Ball 2-1: Foul Ball, location: 2F 2-2: Foul Ball, location: 2F 2-2: Foul Ball, location: 2F 2-2: Foul Ball, location: 2F 2-2: Hit by Pitch Pavla Markianov to third Shawn Jansen to second
|
|
Batting: LHB Kevin Feldman
|
0-0: Ball 1-0: Ground out 4-3 (Groundball, 4M, EV 104.4 MPH)
|
| Top of the 8th over - 0 runs, 0 hits, 0 errors, 3 left on base; Portland 1 - Palm Beach 5 |
| BOTTOM OF THE 8TH |
|
Palm Beach Nationals batting - Pitching for Portland Angels : RHP Jerry Romero
|
|
Batting: RHB Kenny Ball
|
0-0: Foul Ball, location: 2F 0-1: Called Strike 0-2: Strikes out looking
|
|
Batting: RHB Joe Simmelink
|
0-0: Foul Ball, location: 2F 0-1: Called Strike 0-2: Ball 1-2: Fly out, F8 (Line Drive, 78D, EV 97.5 MPH)
|
|
Batting: LHB Tony Olvera
|
0-0: Ball 1-0: Foul Ball, location: 2F 1-1: Ball 2-1: Ball 3-1: Called Strike 3-2: Base on Balls
|
|
Batting: RHB Ivan Torres
|
0-0: Ball 1-0: Foul Ball, location: 2F 1-1: Ground out 4-3 (Groundball, 4, EV 108.8 MPH)
|
| Bottom of the 8th over - 0 runs, 0 hits, 0 errors, 1 left on base; Portland 1 - Palm Beach 5 |
| TOP OF THE 9TH |
|
Portland Angels batting - Pitching for Palm Beach Nationals : RHP Faradur Bhutani
|
|
Batting: SHB Cesar Carrasquillo
|
0-0: Ball 1-0: Ball 2-0: Ball 3-0: Base on Balls
|
|
Batting: RHB Fernando Sosa
|
0-0: Foul Ball, location: 2F 0-1: Ball 1-1: Ball 2-1: Swinging Strike 2-2: Strikes out swinging
|
|
Batting: RHB Scott Webb
|
0-0: Ball 1-0: Ball 2-0: Ball 3-0: Called Strike 3-1: Base on Balls Cesar Carrasquillo to second
|
|
Pitching: RHP Cody Hadden
|
|
|
Pinch Hitting: LHB Lupe Garcia
|
0-0: Called Strike 0-1: Foul Ball, location: 2F 0-2: Foul Ball, location: 2F 0-2: Ball 1-2: Foul Ball, location: 2F 1-2: Strikes out swinging
|
|
Batting: LHB Pavla Markianov
|
0-0: Ball 1-0: Foul Ball, location: 2F 1-1: Foul Ball, location: 2F 1-2: Ball 2-2: Ball 3-2: Foul Ball, location: 2F 3-2: Ground out 6-3 (Groundball, 6, EV 86.2 MPH)
|
| Top of the 9th over - 0 runs, 0 hits, 0 errors, 2 left on base; Portland 1 - Palm Beach 5 |
|